 Dungeon Crawl Stone Soup version 0.30-a0-1066-g63dfefce0d (webtiles) character file.

Game seed: 12554390880078373982

2154 hwolsky the Firebug (level 9, -2/64 HPs)
             Began as a Demonspawn Fire Elementalist on Apr 11, 2023.
             Was a Priest of Nemelex Xobeh.
             Slain by an ice beast (10 damage)
             ... on level 6 of the Dungeon on Apr 12, 2023.
             The game lasted 00:28:52 (6395 turns).

hwolsky the Firebug (Demonspawn Fire Elementalist)  Turns: 6395, Time: 00:28:54

Health: -2/64      AC:  4    Str:  9    XL:     9   Next: 10%
Magic:  17/17      EV: 12    Int: 20    God:    Nemelex Xobeh [***...]
Gold:   308        SH:  0    Dex: 14    Spells: 6/19 levels left

rFire   + + .      SeeInvis .    s - staff of fire
rCold   . . .      Faith    .    (no shield)
rNeg    . . .      Spirit   .    g - +0 leather armour {rC+}
rPois   .          Reflect  .    (helmet restricted)
rElec   .          Rampage  .    (no cloak)
rCorr   .                        (no gloves)
Will    .....                    A - +0 pair of boots
Stlth   ++                       C - amulet of magic regeneration
HPRegen 0.30/turn                d - ring of fire
MPRegen 0.55/turn                (no ring)

@: no status effects
A: claws 1, horns 1, demonic guardian 2, weakness stinger 1
a: Renounce Religion, Draw Escape, Draw Destruction, Draw Summoning, Triple Draw


You were on level 6 of the Dungeon.
You worshipped Nemelex Xobeh.
Nemelex Xobeh was most pleased with you.
You visited 1 branch of the dungeon, and saw 6 of its levels.

You collected 308 gold pieces.

Inventory:

Hand Weapons
 i - a +2 quarterstaff of chaos
Missiles
 n - a throwing net
Armour
 a - a +0 robe
 g - a +0 leather armour of cold resistance (worn)
 A - a +0 pair of boots (worn)
Magical Staves
 s - a staff of fire (weapon)
Jewellery
 d - a ring of fire (left claw)
 C - an amulet of magic regeneration (around neck)
Wands
 p - a wand of polymorph (31)
 r - a wand of digging (6)
 y - a wand of flame (17)
Scrolls
 e - a scroll of identify
 h - 3 scrolls of poison
 k - a scroll of amnesia
 t - 5 scrolls of teleportation
 x - a scroll of torment
 z - a scroll of noise
 B - a scroll of immolation {unknown}
Potions
 b - 2 potions of magic
 c - 2 potions of attraction
 f - 2 potions of ambrosia {unknown}
 l - 2 potions of lignification
 q - a potion of cancellation
 v - 3 potions of haste
 w - 2 potions of brilliance
Miscellaneous
 j - a box of beasts


   Skills:
 + Level 3.6 Fighting
 * Level 3.8 Staves
 + Level 3.9 Dodging
 - Level 2.0 Stealth
 - Level 2.7 Unarmed Combat
 * Level 5.6 Spellcasting
 + Level 3.9 Conjurations
 * Level 5.8 Fire Magic


You had 6 spell levels left.
You knew the following spells:

 Your Spells              Type           Power      Damage    Failure   Level
a - Foxfire               Conj/Fire      100%       2x1d9     1%          1
b - Scorch                Fire           100%       2d9       2%          2
c - Ignite Poison         Fire/Tmut/Pois 30%        N/A       21%         3
d - Inner Flame           Hex/Fire       38%        N/A       14%         3
e - Flame Wave            Conj/Fire      54%        2d13      21%         4

Your spell library contained the following spells:

 Spells                   Type           Power      Damage    Failure   Level
 Volatile Blastmotes      Fire/Tloc      76%        2d16      14%         3
 Cigotuvi's Dreadful Rot  Necr/Pois/Air  10%        N/A       24%         2
 Mephitic Cloud           Conj/Pois/Air  10%        N/A       26%         3
 Petrify                  Tmut/Erth      5%         N/A       83%         4
 Freezing Cloud           Conj/Ice/Air   5%         6-21      94%         5
 Maxwell's Capacitive Co  Air            2%         ∞         100%        8


Dungeon Overview and Level Annotations

Branches:
Dungeon (6/15)
 Temple: D:4-7

Altars:
Gozag
Nemelex Xobeh
Uskayaw
Yredelemnul

Shops:
D:4 **


Innate Abilities, Weirdness & Mutations

You have sharp fingernails.
You have a pair of small horns on your head.
A demonic guardian rushes to your aid.
You have a small tail.


Message History

The hound is severely wounded.
The hound closely misses you. The hound bites you.
You hit the hound.
You kill the hound!
t - 5 scrolls of teleportation (gained 1)
Found 2 coppery potions.
c - 2 potions of attraction (gained 1)
You see here a staff of air.
Found a stone staircase leading down.
f - 2 coppery potions An ice beast comes into view.
Found 14 gold pieces.
Found a stone staircase leading down.
You completely miss the ice beast. The ice beast closely misses you.
You hit the ice beast but do no damage.
You headbutt the ice beast, but do no damage.
You tail-slap the ice beast, but do no damage.
The ice beast hits you but does no damage.
You barely miss the ice beast. The ice beast hits you.
The ice beast freezes you!
You hit the ice beast but do no damage. You headbutt the ice beast.
The ice beast is lightly wounded.
The ice beast hits you. The ice beast freezes you!
You barely miss the ice beast. You headbutt the ice beast.
You tail-slap the ice beast.
The ice beast is moderately wounded.
The ice beast hits you. The ice beast freezes you!
A demonic guardian appears!
You hit the ice beast but do no damage.
Your tail-slap misses the ice beast.
The ice beast is moderately wounded.
The ice beast hits you. The ice beast freezes you!
* * * LOW HITPOINT WARNING * * *
You barely miss the ice beast.
You tail-slap the ice beast, but do no damage.
You claw the ice beast, but do no damage.
The ice beast is moderately wounded.
The ice beast hits you.
* * * LOW HITPOINT WARNING * * *
The ice beast freezes you!
You die...
Your body disappears without a glow.

..........> ..........##
.....$.....#
...........#
...........## #####
............# #...#
...........:# ##...#
.......@Y...## #....##
#.......4....###.....###
##..>........##.........
#............#.........
##.....................
##....................
##.........|.........
#...................
###.################


You could see an ice beast (ally target) and a friendly hellwing (summoned).

Vanquished Creatures
  Prince Ribbit (D:6)
  A water moccasin (D:5)
  A black bear (D:4)
  A bullfrog (D:6)
  4 scorpions
  5 wights (D:6)
  3 hounds
  A jelly (D:4)
  Crazy Yiuf (D:5)
  An iguana (D:4)
  2 orc wizards
  3 gnolls (D:5)
  7 adders
  An ufetubus (D:6)
  A worm (D:2)
  6 dart slugs
  14 orcs
  5 endoplasms
  A giant cockroach (D:1)
  9 goblins
  7 hobgoblins
  6 quokkas
  2 ball pythons
  5 bats
  4 frilled lizards
  8 kobolds
  7 rats
107 creatures vanquished.

Vanquished Creatures (collateral kills)
  Pikel (D:5)
  A centaur (D:5)
  Blork the orc (D:5)
  2 scorpions
  2 iguanas
  2 orc wizards (D:4)
  2 orcs (D:5)
  A kobold (D:3)
12 creatures vanquished.

Vanquished Creatures (others)
  223 foxfires
  2 plants (D:4)
225 creatures vanquished.

Grand Total: 344 creatures vanquished

Notes
Turn   | Place    | Note
-------+----------+-------------------------------------------
     0 | D:1      | hwolsky the Demonspawn Fire Elementalist began the quest
                  | for the Orb.
     0 | D:1      | Reached XP level 1. HP: 13/13 MP: 3/3
   103 | D:1      | Found a faded altar of an unknown god.
   110 | D:1      | Prayed at the altar of an unknown god.
   110 | D:1      | Became a worshipper of Nemelex Xobeh the Trickster
   110 | D:1      | Reached * piety under Nemelex Xobeh
   110 | D:1      | Received a gift from Nemelex Xobeh
   223 | D:1      | Discovered your monstrous ancestry.
   223 | D:1      | Gained mutation: You have sharp fingernails. [demonic
                  | ancestry]
   223 | D:1      | Reached XP level 2. HP: 17/19 MP: 0/5
   301 | D:1      | Learned a level 2 spell: Scorch
  1099 | D:2      | Gained mutation: You have a pair of small horns on your
                  | head. [demonic ancestry]
  1099 | D:2      | Reached XP level 3. HP: 24/24 MP: 1/6
  1107 | D:2      | Upgraded the game from 0.30-a0-1053-gbd8d5ba0ad to
                  | 0.30-a0-1066-g63dfefce0d
  1537 | D:2      | Reached skill level 1 in Unarmed Combat
  1622 | D:2      | Gained mutation: A weak demonic guardian rushes to your
                  | aid. [demonic ancestry]
  1622 | D:2      | Reached XP level 4. HP: 31/31 MP: 2/7
  1865 | D:2      | Identified the +0 helmet of Grottiness {rElec rF+ rC+
                  | Will-}
  1936 | D:3      | Reached ** piety under Nemelex Xobeh
  1961 | D:3      | Learned a level 3 spell: Ignite Poison
  2149 | D:3      | Identified the +7 quarterstaff of Rotation {drain, rC+ MP-9
                  | Str+2}
  2597 | D:3      | Found an opulent altar of Gozag.
  2815 | D:4      | Found a hide-covered altar of Uskayaw.
  2899 | D:4      | Reached skill level 1 in Fighting
  2899 | D:4      | Reached XP level 5. HP: 16/37 MP: 2/9
  3302 | D:4      | Noticed a black bear
  3312 | D:4      | Killed a black bear
  3313 | D:4      | Gained mutation: A demonic guardian rushes to your aid.
                  | [demonic ancestry]
  3313 | D:4      | Reached XP level 6. HP: 43/43 MP: 2/11
  3529 | D:4      | Found Vyllerch's Mass Market.
  3696 | D:4      | Found Lamopp's Elemental Accessories.
  4103 | D:4      | Reached XP level 7. HP: 49/49 MP: 7/12
  4187 | D:5      | Entered Level 5 of the Dungeon
  4337 | D:5      | Received a gift from Nemelex Xobeh
  4358 | D:5      | Found a basalt altar of Yredelemnul.
  4408 | D:5      | Got the Teachings on the Misty Fault
  4413 | D:5      | Learned a level 3 spell: Inner Flame
  4418 | D:5      | Learned a level 4 spell: Flame Wave
  4528 | D:5      | Reached *** piety under Nemelex Xobeh
  4532 | D:5      | Noticed Pikel
  4549 | D:5      | Killed Pikel
  4710 | D:5      | Gained mutation: You have a small tail. [demonic ancestry]
  4710 | D:5      | Reached XP level 8. HP: 18/57 MP: 14/14
  4871 | D:5      | Reached skill level 5 in Fire Magic
  4959 | D:5      | Noticed Blork the orc
  4969 | D:5      | Killed Blork the orc
  5267 | D:5      | Reached skill level 5 in Spellcasting
  5629 | D:5      | Found a runed translucent door.
  5630 | D:5      | Noticed Crazy Yiuf
  5639 | D:5      | Killed Crazy Yiuf
  5945 | D:6      | Noticed Prince Ribbit
  5951 | D:6      | Killed Prince Ribbit
  6086 | D:6      | Reached XP level 9. HP: 27/64 MP: 14/17
  6395 | D:6      | Slain by an ice beast

Illustrated notes

Levels and vault maps discovered:
D:1:      minmay_arrival_diagonal_passages, layout_basic,
          chequers_ecumenical_altar_simple
D:2:      layout_basic
D:3:      layout_rooms, grunt_gozag_breadcrumbs, minmay_checkerbox
D:4:      layout_basic, mainiacjoe_overflow_tiny_flanked, minmay_door_square,
          eino_tiny_chamber, minmay_shop_mass, dk_noncrumbling_2,
          nicolae_elemental_shop, grunt_ministairs_10
D:5:      layout_basic, mainiacjoe_overflow_six_doors_small, uniq_pikel,
          uniq_blork_the_orc, uniq_crazy_yiuf_cottage
D:6:      layout_cave_pods, mainiacjoe_overflow_small_starburst,
          hangedman_decor_slide_cut, uniq_prince_ribbit1

Skill      XL: |  1  2  3  4  5  6  7  8 |
---------------+-------------------------+-----
Stealth        | 2 |  2.0
Dodging        | 2 3 |  3.9
Fire Magic     | 3 4 5 |  5.8
Unarmed Combat | 1 2 |  2.7
Fighting       | 1 2 3 |  3.6
Spellcasting   | 3 4 5 |  5.6
Conjurations   | 2 3 |  3.9
Staves         | 2 3 |  3.8

Action                     |  1- 3 |  4- 6 |  7- 9 || total
---------------------------+-------+-------+-------++-------
  Melee: Unarmed           |    32 |    62 |     4 ||    98
         Headbutt          |     3 |    11 |    18 ||    32
         Punch             |       |     1 |     3 ||     4
         Staff             |       |       |    78 ||    78
         Tailslap          |       |       |     9 ||     9
   Cast: Foxfire           |    55 |    58 |    28 ||   141
         Scorch            |     1 |    16 |    10 ||    27
         Inner Flame       |       |       |    10 ||    10
    Use: Scroll            |     2 |    10 |     2 ||    14
         Potion            |     1 |     3 |     4 ||     8
 Armour: Robe              |     2 |       |       ||     2
         Leather armour    |     9 |    15 |    25 ||    49
         Skin              |       |       |     1 ||     1
  Dodge: Dodged            |    29 |    42 |    58 ||   129

Table legend: (Time is in decaauts)
 A = Elapsed time spent in this place.
 B = Non-inter-level travel time spent in this place.
 C = Inter-level travel time spent in this place.
 D = Time resting spent in this place.
 E = Time spent auto-exploring this place.
 F = Levels seen in this place.
 G = Mean time per level.
                   A        B        C        D        E       F      G
               +--------+--------+--------+--------+--------+-----+--------+
         Total |   6405 |   6305 |    100 |    424 |   4606 |   6 | 1067.5 |
       Dungeon |   6405 |   6305 |    100 |    424 |   4606 |   6 | 1067.5 |
               +--------+--------+--------+--------+--------+-----+--------+

Top non-repeatable levels by time:
     D:5: 1757 daAuts
     D:4: 1382 daAuts
     D:1: 979 daAuts
     D:3: 912 daAuts
     D:2: 908 daAuts
     D:6: 465 daAuts
